MLB
DETROIT TIGERS @ SEATTLE MARINERS
04/03/2099
 
TOP OF THE 1ST
Detroit Tigers batting - Pitching for Seattle Mariners : LHP Armando Baisa
Pitching: LHP Armando Baisa
Batting: RHB Francisco Salto 0-0: Foul Ball, location: 3SF
0-1: Ball
1-1: Ball
2-1: Swinging Strike
2-2: SINGLE (Groundball, 34D, EV 106.9 MPH) (infield hit)
Batting: RHB Steve Selmon 0-0: Called Strike
0-1: DOUBLE (Line Drive, 89M, EV 98.8 MPH)
Francisco Salto to third
Batting: SHB Mike Knighten 0-0: Foul Ball, location: 2F
0-1: Ball
1-1: 3-RUN HOME RUN (Flyball, 78XD, EV 107.5 MPH), Distance : 439 ft
Batting: RHB Allan Alessi 0-0: Ball
1-0: Foul Ball, location: 9LMFF
1-1: Ball
2-1: Foul Ball, location: 2F
2-2: Foul Ball, location: 9LDF
2-2: Strikes out looking
Batting: RHB Edgar Navarrete 0-0: Ball
1-0: Ground out 6-3 (Groundball, 6, EV 91.3 MPH)
Batting: RHB Donald Nohl 0-0: Ground out 6-3 (Groundball, 6M, EV 97.5 MPH)
Top of the 1st over - 3 runs, 3 hits, 0 errors, 0 left on base; Detroit 3 - Seattle 0
BOTTOM OF THE 1ST
Seattle Mariners batting - Pitching for Detroit Tigers : LHP Bryan Curry
Pitching: LHP Bryan Curry
Batting: LHB Juan Aranda 0-0: SINGLE (Line Drive, 89S, EV 85.6 MPH)
Batting: RHB Kenny Dahl 0-0: Ball
Passed Ball!
Juan Aranda to second
1-0: Ground out 6-3 (Groundball, 6, EV 85.6 MPH)
Juan Aranda to third
Batting: SHB John Brownfield 0-0: Called Strike
0-1: Foul Ball, location: 2RF
0-2: Ball
1-2: Foul Ball, location: 2F
1-2: Strikes out swinging
Batting: RHB Jaime Callahan 0-0: Ball
1-0: Foul Ball, location: 9LMF
1-1: Ball
2-1: Fly out, F8 (Line Drive, 8RM, EV 99.4 MPH)
Bottom of the 1st over - 0 runs, 1 hit, 0 errors, 1 left on base; Detroit 3 - Seattle 0
TOP OF THE 2ND
Detroit Tigers batting - Pitching for Seattle Mariners : LHP Armando Baisa
Batting: RHB Jon Robinson 0-0: Called Strike
0-1: Ball
1-1: SINGLE (Groundball, 4MD, EV 97.5 MPH)
Pitching: RHP Tom Kingman
Batting: RHB Jake Henson 0-0: Ball
Wild Pitch!
Jon Robinson to second
1-0: Foul Ball, location: 5DF
1-1: Ball
2-1: Swinging Strike
2-2: Ball
3-2: SINGLE (Flyball, 89S, EV 91.3 MPH)
Jon Robinson to third
Runner from 3rd tries for Home, throw by CF and OUT! 8-2
Batting: RHB Ed Hochstetler 0-0: Ball
1-0: Ball
2-0: Ball
3-0: Called Strike
3-1: Called Strike
3-2: Base on Balls
Jake Henson to second
Batting: RHB Francisco Salto 0-0: Ball
1-0: Ball
2-0: Fly out, F8 (Flyball, 8RXD, EV 103.8 MPH)
Batting: RHB Steve Selmon 0-0: Fielders Choice at 2nd, 6-4 (Groundball, 6, EV 88.8 MPH)
Top of the 2nd over - 0 runs, 2 hits, 0 errors, 2 left on base; Detroit 3 - Seattle 0
BOTTOM OF THE 2ND
Seattle Mariners batting - Pitching for Detroit Tigers : LHP Bryan Curry
Batting: RHB Jonathan Becktell 0-0: Ball
1-0: Ground out 6-3 (Groundball, 6S, EV 78.8 MPH)
Batting: LHB Keith Bundy 0-0: Called Strike
0-1: Ball
1-1: Foul Ball, location: 2F
1-2: Strikes out swinging
Batting: RHB Brad Bargfrede 0-0: Called Strike
0-1: Called Strike
0-2: Ball
1-2: Ball
2-2: Foul Ball, location: 7LSFF
2-2: Strikes out swinging
Bottom of the 2nd over - 0 runs, 0 hits, 0 errors, 0 left on base; Detroit 3 - Seattle 0
TOP OF THE 3RD
Detroit Tigers batting - Pitching for Seattle Mariners : RHP Tom Kingman
Pitching: RHP Cole Campbell
Batting: SHB Mike Knighten 0-0: Ball
1-0: SINGLE (Groundball, 34D, EV 96.3 MPH)
Batting: RHB Allan Alessi 0-0: Called Strike
0-1: Ball
1-1: Foul Ball, location: 2F
1-2: Strikes out swinging
Batting: RHB Edgar Navarrete 0-0: SINGLE (Line Drive, 34D, EV 100.0 MPH)
Mike Knighten to second
Batting: RHB Donald Nohl 0-0: Grounds into double play, 5-4-3 (Groundball, 56, EV 87.5 MPH)
Top of the 3rd over - 0 runs, 2 hits, 0 errors, 1 left on base; Detroit 3 - Seattle 0
BOTTOM OF THE 3RD
Seattle Mariners batting - Pitching for Detroit Tigers : LHP Bryan Curry
Batting: RHB John Ables 0-0: Ball
1-0: Ball
2-0: Called Strike
2-1: Fly out, F8 (Flyball, 8LD, EV 112.5 MPH)
Batting: LHB Jon Garza 0-0: Called Strike
0-1: Ball
1-1: Swinging Strike
1-2: DOUBLE (Line Drive, 7LS, EV 96.9 MPH)
Batting: LHB Juan Aranda 0-0: Ball
1-0: DOUBLE (Flyball, 9LD, EV 97.5 MPH)
Jon Garza scores
Batting: RHB Kenny Dahl 0-0: Ball
1-0: Ball
2-0: Foul Ball, location: 2F
2-1: Ball
3-1: Base on Balls
Batting: SHB John Brownfield 0-0: Called Strike
0-1: Called Strike
0-2: Foul Ball, location: 2F
0-2: Ball
1-2: SINGLE (Groundball, 6MD, EV 95.0 MPH)
Juan Aranda to third
Kenny Dahl to second
Runner from 3rd tries for Home, SAFE, throw by CF to home
Batting: RHB Jaime Callahan 0-0: Called Strike
0-1: Called Strike
0-2: Ball
1-2: Grounds into double play, 4-6-3 (Groundball, 4, EV 94.4 MPH)
Bottom of the 3rd over - 2 runs, 3 hits, 0 errors, 1 left on base; Detroit 3 - Seattle 2
TOP OF THE 4TH
Detroit Tigers batting - Pitching for Seattle Mariners : RHP Cole Campbell
Batting: RHB Jon Robinson 0-0: Ball
1-0: Called Strike
1-1: Ball
2-1: Called Strike
2-2: Strikes out swinging
Batting: RHB Jake Henson 0-0: Ball
1-0: Ground out 4-3 (Groundball, 4, EV 62.5 MPH)
Batting: RHB Ed Hochstetler 0-0: Called Strike
0-1: Swinging Strike
0-2: Ball
1-2: Strikes out swinging
Top of the 4th over - 0 runs, 0 hits, 0 errors, 0 left on base; Detroit 3 - Seattle 2
BOTTOM OF THE 4TH
Seattle Mariners batting - Pitching for Detroit Tigers : LHP Bryan Curry
Batting: RHB Jonathan Becktell 0-0: Swinging Strike
0-1: Swinging Strike
0-2: Foul Ball, location: 9LMF
0-2: Strikes out swinging
Batting: LHB Keith Bundy 0-0: Ball
1-0: Hit by Pitch
Batting: RHB Brad Bargfrede 0-0: Ball
1-0: Ball
2-0: Called Strike
2-1: Foul Ball, location: 5SF
2-2: Strikes out looking
Batting: RHB John Ables 0-0: Fielders Choice at 2nd, 6-4 (Groundball, 6, EV 88.1 MPH)
Bottom of the 4th over - 0 runs, 0 hits, 0 errors, 1 left on base; Detroit 3 - Seattle 2
TOP OF THE 5TH
Detroit Tigers batting - Pitching for Seattle Mariners : RHP Cole Campbell
Pitching: RHP Mike Hartnagel
Now at C: Danny Dominguez
Now at 3B: Joe Weber
Now in LF: Omar Perez
Batting: RHB Francisco Salto 0-0: Called Strike
0-1: Ball
1-1: Called Strike
1-2: Strikes out looking
Pinch Hitting: LHB Philip Clark 0-0: Swinging Strike
0-1: Ball
1-1: Called Strike
1-2: Foul Ball, location: 7LSF
1-2: Ball
2-2: Ball
3-2: Base on Balls
Pinch Hitting: LHB Tim Wilson 0-0: Ball
1-0: Called Strike
1-1: Foul Ball, location: 9LMF
1-2: Strikes out looking
Pinch Hitting: LHB Nick Penix 0-0: Called Strike
0-1: Called Strike
Philip Clark steals 2nd base
0-2: Strikes out swinging
Top of the 5th over - 0 runs, 0 hits, 0 errors, 1 left on base; Detroit 3 - Seattle 2
BOTTOM OF THE 5TH
Seattle Mariners batting - Pitching for Detroit Tigers : LHP Bryan Curry
Now at 1B: Brian Shepherd
Now at 2B: Nick Penix
Now at 3B: Tim Wilson
Now at SS: Jon Robinson
Now in LF: Philip Clark
Batting: LHB Jon Garza 0-0: Called Strike
0-1: Swinging Strike
0-2: Ball
1-2: Ball
2-2: Strikes out swinging
Pinch Hitting: LHB Manuel Sanchez 0-0: Ground out U3 (Groundball, 34, EV 93.8 MPH)
Batting: LHB Omar Perez 0-0: Swinging Strike
0-1: Called Strike
0-2: Ball
1-2: Ball
2-2: Fly out, F9 (Flyball, 9, EV 86.3 MPH)
Bottom of the 5th over - 0 runs, 0 hits, 0 errors, 0 left on base; Detroit 3 - Seattle 2
TOP OF THE 6TH
Detroit Tigers batting - Pitching for Seattle Mariners : RHP Mike Hartnagel
Pitching: LHP Josh Raggett
Now in RF: Manuel Sanchez
Batting: SHB Brian Shepherd 0-0: Ball
1-0: Foul Ball, location: 2F
1-1: Foul Ball, location: 2F
1-2: SINGLE (Line Drive, 5D, EV 106.3 MPH)
Batting: LHB Denny Marshall 0-0: Called Strike
0-1: Foul Ball, location: 2F
0-2: Strikes out looking
Batting: RHB Jon Robinson 0-0: Ball
1-0: Ball
2-0: Ball
3-0: Called Strike
3-1: Swinging Strike
3-2: Base on Balls
Brian Shepherd to second
Batting: RHB Jake Henson 0-0: Swinging Strike
0-1: Ball
1-1: Ball
2-1: Ball
3-1: Base on Balls
Brian Shepherd to third
Jon Robinson to second
Batting: RHB Ed Hochstetler 0-0: Ball
1-0: Swinging Strike
1-1: Foul Ball, location: 9LSF
1-2: Ball
2-2: Ground out 5-3 (Groundball, 56S, EV 69.4 MPH)
Brian Shepherd scores
Jon Robinson to third
Jake Henson to second
Batting: RHB Francisco Salto 0-0: Called Strike
0-1: Foul Ball, location: 3FF
0-2: Ball
1-2: Foul Ball, location: 9LDF
1-2: Ground out U3 (Groundball, 13, EV 85.6 MPH)
Top of the 6th over - 1 run, 1 hit, 0 errors, 2 left on base; Detroit 4 - Seattle 2
BOTTOM OF THE 6TH
Seattle Mariners batting - Pitching for Detroit Tigers : LHP Bryan Curry
Pitching: RHP John Young
Pinch Hitting: RHB Rick Norman 0-0: Ball
1-0: Called Strike
1-1: Ground out 4-3 (Groundball, 4, EV 103.8 MPH)
Batting: RHB Ron Stephenson 0-0: Called Strike
0-1: Called Strike
0-2: Ball
1-2: Strikes out swinging
Pinch Hitting: LHB Tim Larsen 0-0: Ball
1-0: Foul Ball, location: 2F
1-1: Foul Ball, location: 7LSF
1-2: Foul Ball, location: 3FF
1-2: Strikes out swinging
Bottom of the 6th over - 0 runs, 0 hits, 0 errors, 0 left on base; Detroit 4 - Seattle 2
TOP OF THE 7TH
Detroit Tigers batting - Pitching for Seattle Mariners : LHP Josh Raggett
Pitching: RHP Gary Kennedy
Now at 1B: Rick Norman
Now at 2B: Alan Burdett
Now at 3B: Tim Larsen
Now at SS: Joe Weber
Now in CF: Ben Foster
Batting: LHB Philip Clark 0-0: Ground out 1-3 (Groundball, 13, EV 61.9 MPH)
Batting: LHB Tim Wilson 0-0: Called Strike
0-1: Ball
1-1: Ball
2-1: Foul Ball, location: 7LSF
2-2: Foul Ball, location: 7LMF
2-2: Ball
3-2: SINGLE (Line Drive, 6D, EV 94.4 MPH)
Batting: LHB Nick Penix 0-0: Called Strike
0-1: Foul Ball, location: 2F
0-2: Ball
1-2: Ball
2-2: Foul Ball, location: 2F
2-2: Fly out, F4 (Popup, 4M, EV 63.8 MPH)
Batting: SHB Brian Shepherd 0-0: Ball
Tim Wilson steals 2nd base
1-0: Ground out 4-3 (Groundball, 4, EV 85.0 MPH)
Top of the 7th over - 0 runs, 1 hit, 0 errors, 1 left on base; Detroit 4 - Seattle 2
BOTTOM OF THE 7TH
Seattle Mariners batting - Pitching for Detroit Tigers : RHP John Young
Pitching: LHP Victor Casas
Batting: RHB Joe Weber 0-0: Ball
1-0: Foul Ball, location: 2F
1-1: SINGLE (Line Drive, 4MD, EV 97.5 MPH)
Batting: RHB Danny Dominguez 0-0: Ball
1-0: Foul Ball, location: 7LMF
1-1: Ball
2-1: Fly out, F8 (Flyball, 8LD, EV 106.3 MPH)
Batting: RHB Alan Burdett 0-0: Called Strike
0-1: Foul Ball, location: 3FF
0-2: Ball
1-2: Ball
2-2: Foul Ball, location: 2F
2-2: Ball
3-2: Strikes out swinging
Pinch Hitting: RHB Anton Ortega 0-0: Called Strike
0-1: Ball
1-1: Ball
2-1: Foul Ball, location: 3F
2-2: Ball
3-2: Strikes out swinging
Bottom of the 7th over - 0 runs, 1 hit, 0 errors, 1 left on base; Detroit 4 - Seattle 2
TOP OF THE 8TH
Detroit Tigers batting - Pitching for Seattle Mariners : RHP Gary Kennedy
Pitching: LHP Jose Rebolloso
Now in CF: Manuel Sanchez
Now in RF: Matt Hicks
Batting: LHB Denny Marshall 0-0: Swinging Strike
0-1: Ball
1-1: Ball
2-1: Called Strike
2-2: Strikes out swinging
Batting: RHB Jon Robinson 0-0: Ball
1-0: Ground out 6-3 (Groundball, 6, EV 86.3 MPH)
Batting: RHB Jake Henson 0-0: Foul Ball, location: 7LSF
0-1: Foul Ball, location: 3F
0-2: Foul Ball, location: 7LMF
0-2: Strikes out swinging
Top of the 8th over - 0 runs, 0 hits, 0 errors, 0 left on base; Detroit 4 - Seattle 2
BOTTOM OF THE 8TH
Seattle Mariners batting - Pitching for Detroit Tigers : LHP Victor Casas
Pitching: RHP Rodrigo Mendoza
Batting: LHB Manuel Sanchez 0-0: Foul Ball, location: 25FF
0-1: Swinging Strike
0-2: Ball
1-2: Ball
2-2: Strikes out swinging
Batting: LHB Omar Perez 0-0: Ground out U3 (Groundball, 3, EV 81.3 MPH)
Batting: RHB Rick Norman 0-0: Ground out U3 (Groundball, 13, EV 87.5 MPH)
Bottom of the 8th over - 0 runs, 0 hits, 0 errors, 0 left on base; Detroit 4 - Seattle 2
TOP OF THE 9TH
Detroit Tigers batting - Pitching for Seattle Mariners : LHP Jose Rebolloso
Pitching: RHP Felix Caraveo
Pinch Hitting: RHB Carlos Fraire 0-0: Called Strike
0-1: Ball
1-1: Foul Ball, location: 3F
1-2: Ball
2-2: SINGLE (Line Drive, 6MD, EV 94.4 MPH)
Batting: RHB Francisco Salto 0-0: Ball
1-0: Grounds into double play, 5-4-3 (Groundball, 25, EV 80.6 MPH)
Pinch Hitting: LHB Jose Camacho 0-0: Called Strike
0-1: Swinging Strike
0-2: Strikes out swinging
Top of the 9th over - 0 runs, 1 hit, 0 errors, 0 left on base; Detroit 4 - Seattle 2
BOTTOM OF THE 9TH
Seattle Mariners batting - Pitching for Detroit Tigers : RHP Rodrigo Mendoza
Pitching: RHP Chuck Watts
Now at C: Carlos Fraire
Now in LF: Jose Camacho
Batting: RHB Ron Stephenson 0-0: Ground out 6-3 (Groundball, 6S, EV 82.5 MPH)
Batting: LHB Tim Larsen 0-0: Ball
1-0: Ground out 4-3 (Groundball, 4, EV 83.1 MPH)
Batting: RHB Joe Weber 0-0: Ball
1-0: Called Strike
1-1: Fly out, F8 (Flyball, 8RM, EV 99.4 MPH)
Bottom of the 9th over - 0 runs, 0 hits, 0 errors, 0 left on base; Detroit 4 - Seattle 2
Thursday, May 2nd , 2024 - OOTP Baseball 24.11 Build 85